 Dungeon Crawl Stone Soup version 0.20-a0-504-g2c65edc (webtiles) character file.

7828 Kaname the Covert (level 11, -12/79 HPs)
             Began as a Demonspawn Skald on Jan 21, 2017.
             Was a Priest of Vehumet.
             Mangled by a cyan ugly thing (15 damage)
             ... on level 10 of the Dungeon.
             The game lasted 00:41:05 (12780 turns).

Kaname the Covert (Demonspawn Skald)               Turns: 12780, Time: 00:41:06

Health: -12/79     AC:  4    Str: 18    XL:     11   Next: 1%
Magic:  13/27      EV: 12    Int: 17    God:    Vehumet [***...]
Gold:   486        SH:  6    Dex: 14    Spells: 1/20 levels left

rFire    . . .     SeeInvis .   A - +9 dagger "Kenurchet" {pierce, Str+7}
rCold    . . .     Gourm    +   b - +0 leather armour
rNeg     . . .     Faith    .   a - +1 buckler
rPois    .         Spirit   .   J - +0 helmet
rElec    .         Reflect  .   (no cloak)
rCorr    .         Harm     .   (no gloves)
MR       +....                  (no boots)
Stlth    ++++......             C - amulet of the gourmand
Regen    0.3/turn               K - ring of protection from magic
                                t - ring of magical power

@: no status effects
A: claws 2, powered by death 1, rot immunity
a: Renounce Religion


You were on level 10 of the Dungeon.
You worshipped Vehumet.
Vehumet was most pleased with you.
You were very full.

You visited 2 branches of the dungeon, and saw 11 of its levels.
You also visited: Sewer.

You collected 486 gold pieces.

Inventory:

Hand Weapons
 A - the +9 dagger "Kenurchet" (weapon) {pierce, Str+7}
   (You found it on level 5 of the Dungeon)

   It inflicts extra damage upon your enemies.
   It affects your strength (+7).
Missiles
 m - a throwing net (quivered)
 u - 8 needles of sleeping
 x - 7 tomahawks
 y - 3 needles of confusion
 D - 8 javelins
Armour
 a - a +1 buckler (worn)
 b - a +0 leather armour (worn)
 q - a +2 plate armour of cold resistance
 J - a +0 helmet (worn)
Jewellery
 t - a ring of magical power (left claw)
 C - an amulet of the gourmand (around neck)
 K - a ring of protection from magic (right claw)
Wands
 p - a wand of disintegration (8/24)
Scrolls
 e - a scroll of enchant armour
 f - a scroll of summoning
 h - 3 scrolls of recharging
 i - a scroll of enchant weapon
 o - 4 scrolls of magic mapping
 s - a scroll of blinking {unknown}
 z - a scroll of fog
Potions
 g - a potion of flight {unknown}
 j - 5 potions of brilliance
 k - a potion of cure mutation {unknown}
 v - a potion of magic {unknown}
 w - 2 potions of might {unknown}
 B - a potion of invisibility {unknown}
 E - 2 potions of resistance {unknown}
 G - a potion of mutation {unknown}
 I - a potion of ambrosia {unknown}
Books
 c - a book of Battle

   Spells                             Type                      Level
   a - Infusion                       Charms                       1
   b - Shroud of Golubria             Charms/Translocation         2
   c - Song of Slaying                Charms                       2
   d - Spectral Weapon                Hexes/Charms                 3
   e - Regeneration                   Charms/Necromancy            3
 H - a book of Frost

   Spells                             Type                      Level
   a - Freeze                         Ice                          1
   b - Throw Frost                    Conjuration/Ice              2
   c - Ozocubu's Armour               Charms/Ice                   3
   d - Throw Icicle                   Conjuration/Ice              4
   e - Summon Ice Beast               Ice/Summoning                4
Comestibles
 d - 7 bread rations
 l - 5 meat rations
 L - 2 royal jellies


   Skills:
 - Level 5.0 Fighting
 - Level 6.1 Short Blades
 - Level 0.8 Armour
 - Level 1.7 Dodging
 - Level 8.0 Stealth
 - Level 4.1 Shields
 - Level 5.2 Spellcasting
 - Level 6.0 Conjurations
 - Level 4.4 Hexes
 - Level 4.3 Charms
 - Level 0.1 Translocations
 - Level 5.1 Ice Magic
 + Level 0.8 Poison Magic


You had one spell level left.
You knew the following spells:

 Your Spells              Type           Power        Failure   Level  Hunger
a - Infusion              Chrm           ###.         2%          1    None
b - Song of Slaying       Chrm           ###.....     4%          2    #......
c - Shroud of Golubria    Chrm/Tloc      ##........   12%         2    #......
d - Regeneration          Chrm/Necr      ##........   21%         3    ###....
e - Spectral Weapon       Hex/Chrm       ###.....     10%         3    ###....
f - Throw Icicle          Conj/Ice       ###.....     5%          4    ####...
g - Olgreb's Toxic Radia  Pois           #.......     50%         4    ####...


Dungeon Overview and Level Annotations

Branches:
Dungeon (10/15)            Temple (1/1) D:6
   Lair: D:8-11         Orc: D:9-12

Altars:
Ashenzari
Dithmenos
Fedhas
Gozag
Hepliaklqana
Makhleb
Nemelex Xobeh
Okawaru
Qazlal
Sif Muna
Trog
Uskayaw
Vehumet
Xom
Yredelemnul
Zin
The Shining One


Innate Abilities, Weirdness & Mutations

You have very sharp fingernails.
You regenerate a little health from kills.
You are immune to rotting.


Message History

The shard of ice hits the cyan ugly thing.
The cyan ugly thing is severely wounded.
Casting: Throw Icicle
Confirm with . or Enter, or press ? or * to list all spells.
Aiming: Throw Icicle
Press: ? - help, Shift-Dir - straight line, f/p - cyan ugly thing
Aim: a cyan ugly thing (severely wounded)
The shard of ice misses the cyan ugly thing.
The cyan ugly thing bites you but does no damage.
Casting: Throw Icicle
Confirm with . or Enter, or press ? or * to list all spells.
Aiming: Throw Icicle
Press: ? - help, Shift-Dir - straight line, f/p - cyan ugly thing
Aim: a cyan ugly thing (severely wounded)
The shard of ice hits the cyan ugly thing.
The cyan ugly thing is almost dead.
The cyan ugly thing bites you!
* * * LOW HITPOINT WARNING * * *
The cyan ugly thing shocks you!
You die...

##.####'###..#
#.#.........#
#.#.........#
#.#.........#
.#.#.........# #
.#.#..######.. #.
..#.####....###
...#'#####..#............
.......u@...#............
...###...†..#............
#......#............
#.#'######........[)[.
#................<[...
.........................
..........................
............>.............
.........###########......


You could see a cyan ugly thing.

Vanquished Creatures
  Erolcha (D:9)
  2 two-headed ogres
  Grinder (D:4)
  2 hippogriffs (D:8)
  A wraith (D:9)
  A hungry ghost (D:7)
  2 water moccasins
  3 ice beasts
  6 orc warriors
  5 ogres
  3 centaurs
  A crocodile (Sewer)
  5 big kobolds
  Blork the orc (D:6)
  6 bullfrogs
  A scorpion (D:6)
  6 killer bees (D:9)
  A water moccasin skeleton (D:8)
  8 howler monkeys
  4 crimson imps
  A bullfrog zombie (D:9)
  2 jellies (D:9)
  7 hounds
  11 orc priests
  A centaur skeleton (D:6)
  10 orc wizards
  6 iguanas
  8 worker ants
  Ijyb (D:2)
  A killer bee zombie (D:5)
  2 hound skeletons
  A worker ant zombie (D:7)
  6 gnolls
  5 adders
  2 shadow imps
  An ooze (D:3)
  An adder skeleton (D:7)
  4 worms
  A dart slug (D:1)
  6 leopard geckos
  42 orcs
  4 ball pythons
  11 giant cockroaches
  6 goblins
  6 hobgoblins
  16 jackals
  A quokka (D:9)
  7 bats
  3 frilled lizards
  A giant cockroach zombie (D:6)
  2 jackal skeletons (D:7)
  29 kobolds
  A leopard gecko skeleton (D:7)
  A quokka skeleton (D:5)
  9 rats
276 creatures vanquished.

Vanquished Creatures (others)
  2 spectral weapons
2 creatures vanquished.

Grand Total: 278 creatures vanquished

Notes
Turn   | Place    | Note
-------+----------+-------------------------------------------
     0 | D:1      | Kaname the Demonspawn Skald began the quest for the Orb.
     0 | D:1      | Reached XP level 1. HP: 16/16 MP: 3/3
   107 | D:1      | Gained mutation: You are immune to rotting. [demonic ancestry]
   107 | D:1      | Reached XP level 2. HP: 21/22 MP: 5/5
   849 | D:2      | Reached XP level 3. HP: 23/27 MP: 1/6
   887 | D:1      | Learned a level 2 spell: Song of Slaying
   890 | D:1      | Learned a level 2 spell: Shroud of Golubria
  1351 | D:2      | Noticed Ijyb
  1367 | D:2      | Reached XP level 4. HP: 25/33 MP: 5/7
  1377 | D:2      | Killed Ijyb
  1377 | D:2      | Reached skill level 1 in Stealth
  1833 | D:2      | Reached skill level 2 in Stealth
  2474 | D:3      | Found a blossoming altar of Fedhas.
  2490 | D:3      | Reached skill level 1 in Shields
  2775 | D:3      | Reached XP level 5. HP: 38/38 MP: 8/8
  3724 | D:4      | Noticed Grinder
  3727 | D:4      | Paralysed by Grinder for 3 turns
  3733 | D:4      | Paralysed by Grinder for 2 turns
  4222 | D:5      | Entered Level 5 of the Dungeon
  4277 | D:5      | Got an ancient dagger
  4278 | D:5      | Identified the +9 dagger "Kenurchet" {pierce, Str+7} (You found it on level 5 of the Dungeon)
  4661 | D:5      | Learned a level 3 spell: Regeneration
  4883 | D:5      | Reached XP level 6. HP: 43/44 MP: 9/9
  4901 | D:5      | Found a shadowy altar of Dithmenos.
  4916 | D:5      | Found an opulent altar of Gozag.
  4917 | D:5      | Found a shimmering altar of Xom.
  5401 | D:4      | Killed Grinder
  5401 | D:4      | Reached skill level 4 in Stealth
  5468 | D:6      | Gained mutation: You regenerate a little health from kills. [demonic ancestry]
  5468 | D:6      | Reached XP level 7. HP: 24/50 MP: 10/10
  5681 | D:6      | Found a glowing drain.
  5742 | Sewer    | Entered a sewer
  6178 | D:6      | Found a staircase to the Ecumenical Temple.
  6183 | Temple   | Entered the Ecumenical Temple
  6342 | Temple   | Became a worshipper of Vehumet
  6395 | D:6      | Noticed Blork the orc
  6409 | D:6      | Reached skill level 5 in Short Blades
  6450 | D:6      | Killed Blork the orc
  6450 | D:6      | Reached XP level 8. HP: 51/56 MP: 11/11
  6738 | D:6      | Learned a level 3 spell: Spectral Weapon
  6966 | D:6      | Found a hide-covered altar of Uskayaw.
  6966 | D:6      | Found a deep blue altar of Sif Muna.
  6984 | D:6      | Got a crude war axe
  6985 | D:6      | Identified the cursed +1 war axe of Beogh's Envy {chop, rElec rF++ Int-2 Dex+2} (You found it on level 6 of the Dungeon)
  7469 | D:7      | Learned a level 4 spell: Throw Icicle
  7629 | D:7      | Reached * piety under Vehumet
  7629 | D:7      | Offered knowledge of Magic Dart by Vehumet.
  7629 | D:7      | Reached skill level 1 in Conjurations
  7716 | D:7      | Gained mutation: You have sharp fingernails. [demonic ancestry]
  7716 | D:7      | Reached XP level 9. HP: 48/61 MP: 15/15
  8011 | D:7      | Reached skill level 1 in Ice Magic
  8993 | D:8      | Reached skill level 5 in Conjurations
  8999 | D:8      | Offered knowledge of Flame Tongue by Vehumet.
  9035 | D:8      | Found a basalt altar of Yredelemnul.
  9091 | D:8      | Reached ** piety under Vehumet
  9091 | D:8      | Reached skill level 5 in Ice Magic
  9468 | D:8      | Reached skill level 5 in Stealth
  9698 | D:8      | Found a glowing silver altar of Zin.
  9930 | D:8      | Reached skill level 6 in Stealth
 10068 | D:9      | Noticed Erolcha
 10142 | D:9      | Gained mutation: You have very sharp fingernails. [demonic ancestry]
 10142 | D:9      | Reached XP level 10. HP: 46/67 MP: 16/16
 10345 | D:9      | Offered knowledge of Stone Arrow by Vehumet.
 10541 | D:9      | Noticed a two-headed ogre
 10548 | D:9      | Killed a two-headed ogre
 10697 | D:9      | Reached *** piety under Vehumet
 10825 | D:9      | Reached skill level 5 in Fighting
 11577 | D:9      | Killed Erolcha
 11577 | D:9      | Reached skill level 7 in Stealth
 11777 | D:9      | Offered knowledge of Olgreb's Toxic Radiance by Vehumet.
 12107 | D:9      | Reached skill level 8 in Stealth
 12283 | D:10     | Entered Level 10 of the Dungeon
 12630 | D:10     | Noticed a two-headed ogre
 12681 | D:10     | Killed a two-headed ogre
 12681 | D:10     | Reached skill level 5 in Spellcasting
 12685 | D:10     | Reached XP level 11. HP: 64/79 MP: 14/18
 12693 | D:10     | Learned a level 4 spell: Olgreb's Toxic Radiance
 12771 | D:10     | Noticed a cyan ugly thing
 12780 | D:10     | HP: 3/79 [cyan ugly thing (13)]
 12780 | D:10     | Mangled by a cyan ugly thing

Vault maps used:
D:1:      dpeg_arrival_shelter
D:2:      uniq_iyjb
D:3:      fedhas_altar_3
D:4:      first_bread, uniq_grinder
D:5:      kennysheep_mini_moat, gammafunk_temple_overflow_statue,
          hangedman_glass_teeth
D:6:      grunt_temple_overflow_open, gup_sewer_entry_pipe, uniq_blork_the_orc
D:7:      minmay_misc_feat_columns
D:8:      old_standard_altar, basic_altar
D:9:      uniq_erolcha
D:10:     lair_entry_dummy
Temple:   regret_index_temple_generic_petals
Sewer:    sewer_the_crocodile

Skill      XL: |  1  2  3  4  5  6  7  8  9 10 |
---------------+-------------------------------+-----
Short Blades   | 2 5 6 |  6.1
Charms         | 3 4 |  4.3
Stealth        | 2 4 6 8 |  8.0
Shields        | 1 3 4 |  4.1
Spellcasting   | 4 5 |  5.2
Hexes          | 4 |  4.4
Conjurations   | 3 5 6 |  6.0
Ice Magic      | 5 |  5.1
Fighting       | 5 |  5.0
Armour         | |  0.8
Dodging        | |  1.7
Translocations | |  0.1
Poison Magic   | |  0.8

Action                   |  1- 3 |  4- 6 |  7- 9 | 10-12 || total
-------------------------+-------+-------+-------+-------++-------
Melee: Short sword       |   115 |   161 |       |       ||   276
       Dagger            |       |    40 |   380 |   248 ||   668
 Cast: Infusion          |     5 |     2 |     1 |       ||     8
       Song of Slaying   |     1 |     2 |     2 |     3 ||     8
       Shroud of Golubri |       |     3 |     7 |       ||    10
       Regeneration      |       |       |     2 |     7 ||     9
       Throw Icicle      |       |       |       |    33 ||    33
       Spectral Weapon   |       |       |       |     2 ||     2
  Use: Scroll            |     2 |     2 |    10 |       ||    14
       Potion            |       |       |     1 |     7 ||     8
 Stab: Sleeping          |       |     6 |    11 |     4 ||    21
       Distracted        |       |       |       |     1 ||     1
  Eat: Chunk             |     2 |    12 |    25 |    15 ||    54
Armor: Leather armour    |    41 |    33 |    43 |    43 ||   160
Dodge: Dodged            |    77 |    90 |   167 |   156 ||   490
Block: Buckler           |       |    33 |    89 |    85 ||   207
